Map: Acid Plant LE

Players

RaoulDuke - Winner!

  • Race: Terran Terran
  • Spawn Location: 5:00

Kozzy

  • Race: Protoss Protoss
  • League: Gold
  • Spawn Location: 11:00

VOD

Have the link to the VOD?

Description

Time

  • Played on: April 9, 2018, 9:09 a.m.
  • Length: 7:02
Show
View Real Time Build Order
Export as new Build Order

RaoulDuke Terran - Winner!

Build Orders: Reaper Expand 

Get SALT Encoding   

  12  0:00  SCV  
  13  0:12  SCV  
  14  0:17  Supply Depot  
  14  0:24  SCV  
  15  0:39  SCV  
  15  0:40  Barracks  
  16  0:45  Refinery  
  16  0:51  SCV  
  17  1:03  SCV  
  18  1:15  SCV  
  19  1:27  Orbital Command  
  19  1:29  Reaper  
  20  1:41  Command Center  
  20  1:45  Refinery  
  20  1:53  SCV  
  21  2:01  Barracks Reactor  
  21  2:05  SCV  
  22  2:17  SCV  
  22  2:18  Supply Depot  
  22  2:20  Factory  
  23  2:39  SCV  
  24  2:44  Marine x2  
  26  2:54  Orbital Command  
  25  3:00  SCV  
  25  3:02  Marine x2  
  25  3:04  Factory Reactor  
  25  3:05  Starport  
  28  3:12  SCV  
  29  3:17  Engineering Bay  
  29  3:20  Marine x2  
  29  3:26  SCV x2  
  33  3:37  Marine x2, Bunker  
  33  3:38  SCV x2  
  37  3:46  Hellion  
  37  3:47  Hellion  
  40  4:00  Marine x2  
  40  4:02  Medivac  
  44  4:08  Hellion, Terran Infantry Weapons Level 1  
  46  4:14  Hellion  
  46  4:15  Orbital Command  
  48  4:17  Missile Turret  
  48  4:18  Supply Depot  
  48  4:19  Marine  
  49  4:32  Bunker  
  49  4:35  Starport Tech Lab  
  49  4:39  Widow Mine x2  
  53  4:45  SCV  
  53  4:50  Marine  
  53  4:51  Marine, Missile Turret  
  56  4:56  Raven  
  58  5:03  Supply Depot  
  58  5:04  Supply Depot  
  58  5:06  SCV  
  59  5:08  SCV  
  56  5:32  Marine x2  
  56  5:33  Widow Mine x2  
  56  5:44  Bunker  
  56  5:48  Bunker  
  56  5:49  SCV  
  58  5:50  SCV  
  58  5:53  Missile Turret x2, Banshee  
  58  5:54  Missile Turret  
  58  5:55  Marine x2  
  67  5:57  Widow Mine x2  
  67  6:03  SCV x2  
  69  6:16  Missile Turret  
  69  6:25  SCV x2  
  71  6:37  SCV x2  
  73  6:49  SCV x2  
  73  6:51  Barracks  
  73  6:53  Barracks  
  75  6:54  Factory Reactor  
  75  6:55  Barracks x2  
Show
View Real Time Build Order
Export as new Build Order

Kozzy Protoss 

Build Orders:  

Get SALT Encoding   

  12  0:01  Probe  
  13  0:13  Probe  
  14  0:18  Pylon  
  14  0:25  Probe  
  15  0:37  Probe (Chrono Boost)  
  15  0:40  Gateway  
  16  0:48  Assimilator  
  16  0:49  Probe (Chrono Boost)  
  17  0:54  Probe (Chrono Boost)  
  18  1:04  Probe  
  19  1:08  Assimilator  
  19  1:16  Probe  
  20  1:21  Pylon  
  20  1:28  Probe  
  20  1:30  Cybernetics Core  
  21  1:45  Probe  
  22  1:57  Probe  
  22  1:58  Pylon  
  23  2:06  Stalker (Chrono Boost)  
  22  2:10  Warp Gate  
  22  2:13  Probe  
  25  2:20  Forge  
  25  2:29  Shield Battery  
  25  2:30  Stalker  
  27  2:44  Gateway  
  27  2:45  Pylon  
  27  2:57  Protoss Ground Weapons Level 1 (Chrono Boost)  
  27  3:06  Pylon  
  27  3:07  Stalker  
  29  3:23  Gateway  
  29  3:25  Pylon  
  29  3:31  Stalker  
  31  3:45  Stalker  
  35  4:07  Pylon  
  35  4:16  Pylon  
  35  4:19  Photon Cannon  
  35  4:31  Pylon  
  33  4:35  Stalker x2  
  33  4:38  Stalker  
  39  4:51  Photon Cannon  
  39  5:00  Gateway  
  32  5:22  Stalker x2  
  30  5:33  Probe (Chrono Boost)  
  31  5:44  Probe (Chrono Boost)  
  32  5:55  Probe  
  33  6:07  Probe  
  34  6:17  Stalker  
  34  6:18  Stalker  
  38  6:24  Probe  
  39  6:36  Probe  
Tags
 
League
Gold
Matchup
PvT
Spawn Locations
Cross Positions
Add a new tag
Caveats
  • Supply blocks, unpowered buildings, or Contaminate may cause inaccurate times.
  • Supply counts are checked every 10 seconds.